 Dungeon Crawl Stone Soup version 0.20.1-1-g8b1a95d (webtiles) character file.

54 Lanoc the Digger (level 3, 0/21 HPs)
             Began as an Octopode Earth Elementalist on Nov 26, 2017.
             Slain by Sigmund
             ... wielding a cursed -1 scythe
              (12 damage)
             ... on level 2 of the Dungeon.
             The game lasted 00:04:56 (1266 turns).

Lanoc the Digger (Octopode Earth Elementalist)      Turns: 1266, Time: 00:04:57

Health: 0/21       AC:  1    Str:  7    XL:     3   Next: 91%
Magic:  1/7        EV: 13    Int: 18    God:
Gold:   86         SH:  0    Dex: 12    Spells: 3/7 levels left

rFire    . . .     SeeInvis .   (no weapon)
rCold    . . .     Gourm    .   (no shield)
rNeg     . . .     Faith    .   (helmet restricted)
rPois    .         Spirit   .   (no amulet)
rElec    .         Reflect  .   (no ring)
rCorr    .         Harm     .   (no ring)
MR       .....                  (no ring)
Stlth    +++.......             (no ring)
Regen    0.1/turn               (no ring)
MPRegen  0.1/turn               (no ring)
                                (no ring)
                                (no ring)

@: very slightly contaminated, invisible
A: almost no armour, stealthy swim, amphibious, 8 rings, constrict 8, camouflage
1, gelatinous body 1
a: no special abilities


You were on level 2 of the Dungeon.
You were not hungry.

You visited 1 branch of the dungeon, and saw 2 of its levels.

You collected 86 gold pieces.

Inventory:

Scrolls
 h - a scroll of remove curse {unknown}
 j - 2 scrolls of teleportation {unknown}
 k - a scroll of identify {unknown}
Potions
 a - a potion of curing
 g - a potion of magic {unknown}
 l - a potion of agility {unknown}
 m - a potion of degeneration {unknown}
Books
 d - a book of Geomancy

   Spells                             Type                      Level
   a - Sandblast                      Earth                        1
   b - Passwall                       Transmutation/Earth          2
   c - Stone Arrow                    Conjuration/Earth            3
   d - Petrify                        Transmutation/Earth          4
   e - Lee's Rapid Deconstruction     Earth                        5
Comestibles
 b - a chunk of flesh
 c - 2 bread rations
 i - 4 meat rations


   Skills:
 + Level 2.2 Dodging
 + Level 3.1 Stealth
 + Level 0.2 Unarmed Combat
 + Level 2.9 Spellcasting
   Level 1.0 Transmutations
 + Level 3.6 Earth Magic


You had 3 spell levels left.
You knew the following spells:

 Your Spells              Type           Power        Failure   Level  Hunger
a - Sandblast             Erth           ###...       3%          1    None
b - Stone Arrow           Conj/Erth      #.....       24%         3    ###....


Dungeon Overview and Level Annotations

Branches:
Dungeon (2/15)

Altars:

Annotations:
D:2 Sigmund


Innate Abilities, Weirdness & Mutations

You cannot wear most types of armour.
You are very stealthy in the water. (Stealth+)
You are amphibious.
You can wear up to eight rings at the same time.
You can use your tentacles to constrict eight enemies at once.
Your skin changes colour to match your surroundings (Stealth+).
Your rubbery body absorbs attacks. (AC +1, EV +1)


Message History

The stone arrow hits the goblin.
You kill the goblin!
It was a potion of curing.
You feel better.
Sigmund mumbles some strange words.
Sigmund flickers and vanishes!
Deactivating autopickup; reactivate with Ctrl-A.
It was a potion of invisibility.
You fade into invisibility!
Something hits you.
You are very lightly contaminated with residual magic.
You barely miss something. Something hits you but does no damage.
You closely miss something.
You hear some strange, mumbled words.
A puff of flame appears from out of thin air!
The puff of flame misses you.
You tentacle-slap something but do no damage.
Your squeeze misses something. Something hits you!
Ouch! That really hurt!
You die...

#.......#.....##.....
#...†##.#.....##....
..†††#....>........
.................#########
.##†.#.)..[..............###
.......................$...#
###.##.....#...............#
#...............)...........
#...#......#....@{...##....#
#...#......##........# ...#
#..........##........# ..#
#..........##........# .#
####.................# #
..#...............#
.....................
####...#####......#.... .P#.
###....#....


There were no monsters in sight!

Vanquished Creatures
  A gnoll (D:1)
  3 dart slugs
  4 bats
  A giant cockroach (D:1)
  5 goblins
  7 hobgoblins
  3 jackals (D:2)
  3 frilled lizards
  6 kobolds
  4 rats (D:1)
37 creatures vanquished.

Notes
Turn   | Place    | Note
-------+----------+-------------------------------------------
     0 | D:1      | Lanoc the Octopode Earth Elementalist began the quest for the Orb.
     0 | D:1      | Reached XP level 1. HP: 11/11 MP: 3/3
   160 | D:1      | Reached XP level 2. HP: 17/17 MP: 1/5
   316 | D:1      | Reached XP level 3. HP: 21/21 MP: 2/6
  1230 | D:2      | Learned a level 3 spell: Stone Arrow
  1247 | D:2      | Noticed Sigmund
  1266 | D:2      | Slain by Sigmund

Skill      XL: |  1 |
---------------+----+-----
Stealth        | 3 |  3.1
Dodging        | |  2.2
Unarmed Combat | |  0.2
Spellcasting   | |  2.9
Transmutations | |  1.0
Earth Magic    | |  3.6

Action                   || total
-------------------------++-------
Melee: Unarmed           ||    34
       Tentacles         ||     7
       Constrict         ||     8
 Cast: Sandblast         ||    38
       Stone Arrow       ||     2
  Use: Potion            ||     2
 Stab: Sleeping          ||     3
  Eat: Royal jelly       ||     1
Armor: Skin              ||     7
Dodge: Dodged            ||    38
